 Dungeon Crawl Stone Soup version 0.30-a0-777-ga9a30cbeda (webtiles) character file.

Game seed: 4630322494038835053

28 Orangeyouglad the Vexing (level 3, -4/21 HPs)
             Began as a Kobold Hexslinger on Feb 14, 2023.
             Slain by a gnoll
             ... wielding a +0 whip
              (8 damage)
             ... on level 2 of the Dungeon.
             The game lasted 00:03:21 (1085 turns).

Orangeyouglad the Vexing (Kobold Hexslinger)        Turns: 1085, Time: 00:03:22

Health: -4/21      AC:  2    Str:  7    XL:     3   Next: 30%
Magic:  5/5        EV: 15    Int: 16    God:
Gold:   106        SH:  0    Dex: 15    Spells: 4/5 levels left

rFire   . . .      SeeInvis .    a - +1 sling
rCold   . . .      Faith    .    e - orb {mayhem}
rNeg    . . .      Spirit   .    c - +0 robe
rPois   .          Reflect  .    (no helmet)
rElec   .          Harm     .    (no cloak)
rCorr   .          Rampage  .    (no gloves)
Will    .....                    (no boots)
Stlth   ++                       (no amulet)
HPRegen 0.23/turn                (no ring)
MPRegen 0.09/turn                (no ring)

@: no status effects
A: small, no large weapons, nightstalker 3
a: no special abilities


You were on level 2 of the Dungeon.
You visited 1 branch of the dungeon, and saw 3 of its levels.

You collected 106 gold pieces.

Inventory:

Hand Weapons
 a - a +1 sling (weapon)
Armour
 c - a +0 robe (worn)
 e - an orb of mayhem (worn)
Jewellery
 g - an amulet of the acrobat
Scrolls
 b - a scroll of poison
 d - a scroll of teleportation {unknown}
 i - a scroll of brand weapon {unknown}
 j - a scroll of immolation {unknown}
Potions
 h - a potion of resistance {unknown}


   Skills:
 + Level 1.7 Fighting
 + Level 3.1 Ranged Weapons
 + Level 2.9 Dodging
 + Level 1.6 Spellcasting
 + Level 3.2 Hexes


You had 4 spell levels left.
You knew the following spells:

 Your Spells              Type           Power      Damage    Failure   Level
a - Slow                  Hex            44%        N/A       6%          1

Your spell library contained the following spells:

 Spells                   Type           Power      Damage    Failure   Level
 Inner Flame              Hex/Fire       6%         N/A       32%         3
 Portal Projectile        Hex/Tloc       12%        N/A       32%         3
 Cause Fear               Hex            5%         N/A       50%         4


Dungeon Overview and Level Annotations

Branches:
Dungeon (3/15)

Altars:


Innate Abilities, Weirdness & Mutations

You are small and have problems with some larger weapons.
You are completely attuned to the shadows.


Message History

* * * LOW HITPOINT WARNING * * *
The gnoll attacks as you move away! The gnoll misses you.
Things that are here:
a +0 club; a +0 sling; a goblin corpse The gnoll attacks as you move away!
The gnoll barely misses you.
It was a potion of heal wounds.
You feel much better. The gnoll hits you with a +0 whip.
The gnoll hits you from afar with a +0 spear.
You aren't carrying any items that you can evoke.
Unknown command.
Aiming: Slow (safe; 6% risk of failure)
Press: ? - help, Q - select action, (/) - cycle Shift-Dir - straight line, f/p - gnoll
Aim: a gnoll, wielding a +0 whip (severely wounded, chance to affect: 53%)
The gnoll seems to slow down.
The gnoll hits you from afar with a +0 spear.
The gnoll barely misses you.
You see here a giant cockroach corpse.
There is a stone staircase leading down here.
You climb downwards.
Found 6 stones and a crooked ivory wand.
There is a stone staircase leading up here.
You start resting.
HP restored.
You climb upwards.
The gnoll barely misses you.
There is a stone staircase leading down here.
You shoot a sling bullet. The sling bullet hits the gnoll.
The gnoll is heavily wounded.
The gnoll barely misses you. The gnoll closely misses you.
You shoot a sling bullet. The sling bullet hits the gnoll.
The gnoll is severely wounded.
The gnoll hits you with a +0 whip!
You shoot a sling bullet.
The sling bullet barely misses the gnoll.
The gnoll hits you with a +0 whip!
* * * LOW HITPOINT WARNING * * *
Okay, then.
Sorry, you're not good enough to have a special ability.
Unknown command.
The gnoll hits you with a +0 whip!
You die...

### ..# . #.#
.####.# ############
#...#.###
#..........#
#.......###
#..........#
##...##...#
#..........#
..#..####.#
#@....)....# ..#..#
#.# ###g.........#
..##.# #.#
#.g..........#
##..##
#.####.#..........#
....#
#.#..g.#..........#
##..##
##...####...(......#
..##.###.....#
#..........#
..#..##....#.##
####.#####
..#.....#g##..## #.#


You could see 3 gnolls.

Vanquished Creatures
  A dart slug (D:1)
  2 bats (D:1)
  4 endoplasms
  2 giant cockroaches (D:2)
  2 goblins (D:2)
  4 hobgoblins
  A kobold (D:1)
  2 quokkas
  A frilled lizard (D:1)
  2 rats (D:1)
21 creatures vanquished.

Notes
Turn   | Place    | Note
-------+----------+-------------------------------------------
     0 | D:1      | Orangeyouglad the Kobold Hexslinger began the quest for the
                  | Orb.
     0 | D:1      | Reached XP level 1. HP: 12/12 MP: 2/2
   165 | D:1      | Reached XP level 2. HP: 16/16 MP: 3/3
   837 | D:2      | Reached XP level 3. HP: 20/20 MP: 5/5
  1085 | D:2      | Slain by a gnoll

Illustrated notes

Levels and vault maps discovered:
D:1:      erik_arrival_triangle_medium, layout_basic
D:2:      layout_rooms, nicolae_titane
D:3:      layout_rooms, shapermc_ecumenical_altar_mp_urbaneastern

Skill      XL: |  1  2 |
---------------+-------+-----
Ranged Weapons | 3 |  3.1
Fighting       | |  1.7
Dodging        | |  2.9
Spellcasting   | |  1.6
Hexes          | |  3.2

Action                     || total
---------------------------++-------
   Fire: Sling             ||    76
   Cast: Slow              ||     2
    Use: Potion            ||     1
 Armour: Robe              ||     9
  Dodge: Dodged            ||    38

Table legend: (Time is in decaauts)
 A = Elapsed time spent in this place.
 B = Non-inter-level travel time spent in this place.
 C = Inter-level travel time spent in this place.
 D = Time resting spent in this place.
 E = Time spent auto-exploring this place.
 F = Levels seen in this place.
 G = Mean time per level.
                   A        B        C        D        E       F      G
               +--------+--------+--------+--------+--------+-----+--------+
         Total |   1103 |   1091 |     12 |     44 |    826 |   3 |  367.7 |
       Dungeon |   1103 |   1091 |     12 |     44 |    826 |   3 |  367.7 |
               +--------+--------+--------+--------+--------+-----+--------+

Top non-repeatable levels by time:
     D:1: 842 daAuts
     D:2: 215 daAuts
     D:3: 45 daAuts
